 Dungeon Crawl Stone Soup version 0.26-a0-651-gb41185065b (webtiles) character file.

Game seed: 5326994740493126666

355428 Flugslaktarn the Warrior (level 21, -13/216 HPs)
             Began as a Deep Dwarf Fighter on Oct 7, 2020.
             Was the Champion of Makhleb.
             Mangled by an Orb Guardian (40 damage)
             ... on level 5 of the Realm of Zot.
             The game lasted 00:23:16 (22723 turns).

Flugslaktarn the Warrior (Deep Dwarf Fighter)      Turns: 22723, Time: 00:23:17

Health: -13/216    AC: 41    Str: 21    XL:     21   Next: 3%
Magic:  4/4        EV: 10    Int: 12    God:    Makhleb [******]
Gold:   1304       SH: 28    Dex: 18    Spells: 20/20 levels left

rFire    + . .     SeeInvis .   Y - +6 broad axe
rCold    + . .     Faith    .   m - +2 tower shield {AC+3}
rNeg     + + .     Spirit   .   f - +2 gold dragon scales
rPois    +         Reflect  +   y - +2 helmet of Valiance {rN+ MR+}
rElec    +         Harm     .   v - +2 cloak
rCorr    .         Rampage  .   g - +2 pair of gloves
MR       ++++.                  U - +2 pair of boots {run}
Stlth    ..........             b - amulet of reflection
HPRegen  0.00/turn              I - ring of Nemelex Xobeh's Scorn {rElec rPois EV+4 Slay+3}
MPRegen  0.09/turn              K - ring of Xom's Bemusement {rElec rPois Slay+6}

@: mighty, non-regenerating, hasted and slowed, constricted, quick
A: damage resistance, heal wounds, negative energy resistance 1, sense
surroundings 3, no regeneration
}: 3/15 runes: barnacled, abyssal, gossamer
a: Heal Wounds, Minor Destruction, Lesser Servant of Makhleb, Major Destruction,
Greater Servant of Makhleb, Renounce Religion


You were on level 5 of the Realm of Zot.
You worshipped Makhleb.
Makhleb was exalted by your worship.
You visited 8 branches of the dungeon, and saw 40 of its levels.
You visited the Abyss 1 time.

You collected 1943 gold pieces.
You spent 639 gold pieces at shops.

Inventory:

Hand Weapons
 Y - a +6 broad axe (weapon)
   (You took it off a hell knight on level 5 of the Abyss)
Missiles
 O - 4 throwing nets (quivered)
Armour
 f - +2 gold dragon scales (worn)
   (You found it on level 1 of the Realm of Zot)
 g - a +2 pair of gloves (worn)
   (You found it on level 1 of the Dungeon)
 m - a +2 tower shield of protection (worn)
   (You found it on level 3 of the Dungeon)
 v - a +2 cloak (worn)
   (You took it off a draconian stormcaller on level 1 of the Realm of Zot)
 y - the +2 helmet of Valiance (worn) {rN+ MR+}
   (You found it on level 8 of the Dungeon)

   It protects you from negative energy.
   It affects your resistance to hostile enchantments.
 A - the +0 pair of gloves of the Journeyman {rPois rF++ MR- rCorr}
   (You bought it in a shop on level 2 of the Orcish Mines)

   It greatly protects you from fire.
   It protects you from poison.
   It affects your resistance to hostile enchantments.
   It provides partial protection from all sources of acid and corrosion.
 U - a +2 pair of boots of running (worn)
   (You found it on level 15 of the Dungeon)
Jewellery
 b - an amulet of reflection (around neck)
   (You found it on level 4 of the Dungeon)
 i - an uncursed ring of see invisible
   (You found it on level 6 of the Dungeon)
 k - an uncursed ring of resist corrosion
   (You found it on level 13 of the Dungeon)
 p - a +4 ring of protection
   (You found it on level 15 of the Dungeon)
 I - the ring of Nemelex Xobeh's Scorn (left hand) {rElec rPois EV+4 Slay+3}
   (You found it on level 12 of the Dungeon)

   [ring of evasion]

   It affects your evasion (+4).
   It affects your accuracy and damage with ranged weapons and melee attacks
   (+3).
   It insulates you from electricity.
   It protects you from poison.
 K - the ring of Xom's Bemusement (right hand) {rElec rPois Slay+6}
   (You acquired it on level 5 of the Realm of Zot)

   [ring of poison resistance]

   It affects your accuracy and damage with ranged weapons and melee attacks
   (+6).
   It insulates you from electricity.
   It protects you from poison.
Wands
 c - a wand of iceblast (31)
   (You found it on level 5 of the Dungeon)
 B - a wand of acid (7)
   (You found it on level 2 of the Realm of Zot)
 G - a wand of paralysis (31)
   (You found it on level 12 of the Dungeon)
 J - a wand of digging (5)
   (You found it on level 4 of the Realm of Zot)
 Q - a wand of enslavement (5)
   (You took it off a centaur on level 14 of the Dungeon)
Scrolls
 e - 5 scrolls of fear
 l - 3 scrolls of immolation
 o - a scroll of vulnerability
 r - a scroll of identify
 t - a scroll of teleportation
 x - 18 scrolls of remove curse
 z - 4 scrolls of blinking
 H - 2 scrolls of magic mapping
 M - a scroll of holy word
 S - 7 scrolls of fog
Potions
 a - a potion of berserk rage
 d - 2 potions of might
 h - a potion of haste
 j - 6 potions of ambrosia
 n - 3 potions of resistance
 q - 5 potions of curing
 s - 7 potions of lignification
 u - 4 potions of mutation
 w - 9 potions of heal wounds
 D - 4 potions of flight
 E - 2 potions of magic
 L - 2 potions of cancellation
Miscellaneous
 C - a tin of tremorstones (3/3)
   (You found it on level 1 of the Lair of Beasts)
 F - a condenser vane (2/2)
   (You found it on level 13 of the Dungeon)


   Skills:
 * Level 19.3 Fighting
 - Level 18.0 Axes
 + Level 16.6 Armour
 - Level 11.0 Dodging
 + Level 16.8 Shields
 - Level 15.0 Invocations
 - Level 10.0 Evocations


You had 20 spell levels left.
You didn't know any spells.
Your spell library was empty.

Dungeon Overview and Level Annotations

Branches:
Dungeon (15/15)            Temple (1/1) D:6            Lair (4/6) D:10
 Shoals (4/4) Lair:4       Spider (4/4) Lair:3          Orc (2/2) D:12
    Elf (0/3) Orc:2        Vaults (0/5) D:13         Depths (5/5) D:15
    Zot (5/5) Depths:5

Altars:
Ashenzari
Cheibriados
Dithmenos
Elyvilon
Fedhas
Gozag
Hepliaklqana
Kikubaaqudgha
Makhleb
Nemelex Xobeh
Okawaru
Qazlal
Ru
Sif Muna
Trog
Uskayaw
Vehumet
Wu Jian
Xom
Yredelemnul
Zin
The Shining One
Beogh
Lugonu

Shops:
D:6 *   D:10 *   D:12 [   Orc:1 *   Orc:2 ([:*   Shoals:2 *   Depths:4 ?

Portals:
Hell: Depths:5
Abyss: Depths:2 Depths:5
Pandemonium: Depths:3
Wizlab: Depths:5

Annotations:
D:9 1 runed translucent door


Innate Abilities, Weirdness & Mutations

You are resistant to damage.
You can heal yourself by infusing magical energy.
You resist negative energy. (rN+)
You passively map a large area around you.
You do not regenerate.


Message History

You closely miss the death cob. You slash the Orb Guardian!
You block the Orb Guardian's attack. The death cob misses you.
The Orb Guardian hits you but does no damage.
You block the Orb Guardian's attack. x2; You block the death cob's attack.
The tentacled monstrosity tentacle-slaps you but does no damage.
The tentacled monstrosity closely misses you.
The tentacled monstrosity tentacle-slaps you but does no damage.
The tentacled monstrosity grabs you.
The tentacled monstrosity constricts you.
You slice the tentacled monstrosity!!
The tentacled monstrosity is moderately wounded.
You hit the Orb Guardian but do no damage.
You slash the death cob! You closely miss the Orb Guardian.
You slash the Orb Guardian! You block the Orb Guardian's attack. x2
You block the death cob's attack. The Orb Guardian barely misses you.
The moth of wrath goads the Orb Guardian on!
The Orb Guardian goes berserk!
The Orb Guardian hits you!!
* * * LOW HITPOINT WARNING * * *
The Orb Guardian hits you!!!
You die...

,,,,,,,,,,,,,,,* ********* *,,,,,
,,,,,,,,,,,,,,** **,,,,
,,,,,,^,,,,,*** ***,,
,,,,,,^,,**** *** *********▓▓▓**
**** ,,,,,,,,,^...##* ***,,,
,,,,,,,,,*#....#* **,,,,*
,,,,,,,,,,**#...###########,,,***
^,,,,,,,,,,**#.X@zX........,,***,
,,,,,,,,,,,* ##XXX.........,** *,
,,,,,,,,,,,* #..y..^......,* *,
,,,,,,,,,,,* ##...........** *,
^,,,,,,,^,,* #...........* *,
,,,,,,,,,,,* *#...........** *,
,,,,,,,,,,** #............,* **
,,,,^,,,,** *#............,** *
,,,,,,,,** *.............,,*


You could see a tentacled monstrosity, a death cob, 4 Orb Guardians and a moth
of wrath.

Vanquished Creatures
  Mara (Depths:4)
  Sojobo (Depths:1)
  Saint Roka (Depths:4)
  Bai Suzhen (Depths:3)
  A curse toe (Zot:1)
  5 golden dragons
  the Enchantress (Depths:1)
  Jorgrun (D:13)
  7 tentacled monstrosities
  A lich (Abyss:5)
  A Hell Sentinel (Abyss:5)
  An Orb Guardian (Zot:5)
  4 quicksilver dragons
  A kraken (Shoals:3)
  A sphinx (Depths:1)
  10 tentacled starspawn
  3 storm dragons
  An Executioner (Depths:4)
  5 death cobs
  A tengu reaver (Depths:1)
  A fire giant (Depths:5)
  Kirke (D:12)
  2 draconian monks
  2 draconian scorchers
  2 orc warlords
  A frost giant (Depths:4)
  2 draconian shifters
  3 emperor scorpions
  A balrug (Abyss:3)
  6 ghost moths
  3 draconian annihilators
  7 very ugly things
  2 draconian stormcallers
  3 spriggan defenders (Depths:1)
  An entropy weaver (Spider:3)
  A vampire knight (Depths:5)
  4 stone giants
  2 grey draconians (Depths:5)
  5 green draconians
  2 black draconians
  The ghost of Mahiaf the Blocker, a journeyman GnFi of Qazlal (D:15)
  A yellow draconian (Zot:1)
  4 spark wasps (Spider:4)
  A white draconian (Zot:1)
  4 purple draconians
  4 red draconians
  6 ettins
  5 merfolk javelineers
  Snorg (D:13)
  A blizzard demon (Abyss:5)
  6 fire dragons
  7 merfolk impalers (Shoals:4)
  3 yaktaur captains
  2 great orbs of eyes
  An ice dragon (Abyss:5)
  5 vault guards (D:13)
  3 rakshasas
  A merfolk avatar (Shoals:4)
  3 hydras
  2 spriggan air magi
  A merfolk aquamancer (Shoals:4)
  A centaur warrior (D:14)
  17 two-headed ogres
  2 dancing weapons (Abyss:5)
  Erica (D:8)
  3 deep troll shamans (Depths:4)
  3 ogre magi
  A two-headed ogre (shapeshifter) (Abyss:5)
  3 tengu warriors
  4 orc high priests
  5 deep troll earth magi
  A satyr (Shoals:4)
  A death yak (Lair:3)
  8 thrashing horrors
  A sun demon (Abyss:2)
  6 hell knights
  A spriggan berserker (Depths:1)
  An iron troll (Depths:4)
  A shadow wraith (Abyss:2)
  7 spatial maelstroms
  10 wretched stars
  4 sixfirhies
  7 sea snakes
  2 unseen horrors
  2 flayed ghosts
  A shadow demon (Abyss:5)
  A death drake (Abyss:3)
  3 glowing orange brains
  12 deep trolls
  A kraken simulacrum (Shoals:4)
  A tengu zombie (Depths:2)
  9 harpies
  4 necromancers
  3 phantasmal warriors
  A deep elf archer (D:15)
  3 swamp dragons (Depths:5)
  2 orc sorcerers (Orc:2)
  6 orc knights
  20 orb spiders
  3 wolf spider zombies (D:14)
  7 ugly things
  A deep elf mage (D:12)
  16 large abominations
  6 manticores
  A tengu skeleton (Depths:2)
  4 cyclopes
  3 fauns (Shoals:4)
  A worldbinder (Abyss:5)
  A salamander (Depths:5)
  16 wolf spiders
  A black mamba (shapeshifter) (Abyss:5)
  A black mamba (Lair:3)
  16 moths of wrath
  5 merfolk sirens
  A stone giant skeleton (Depths:2)
  10 smoke demons
  3 apocalypse crabs
  3 gargoyles (D:13)
  4 water nymphs
  A torpor snail (Spider:2)
  A rime drake (shapeshifter) (Depths:4)
  An elf zombie (Depths:2)
  3 komodo dragons
  A hellion (Abyss:5)
  3 cane toads
  3 kobold demonologists
  A rime drake (Lair:2)
  6 demonic crawlers
  17 yaktaurs
  64 starcursed masses
  A freezing wraith (Abyss:5)
  11 ancient zymes
  7 merfolk
  9 tengu conjurers
  3 efreet
  A tormentor (Abyss:5)
  20 jumping spiders
  4 trolls
  6 hellwings
  2 wind drakes
  Prince Ribbit (D:9)
  2 tyrant leeches (Spider:2)
  3 meliai (D:14)
  9 hornets
  A harpy skeleton (D:14)
  7 hippogriffs
  28 slime creatures
  8 dream sheep
  5 snapping turtles
  5 blink frogs
  9 raiju
  7 flying skulls (Abyss:2)
  Sigmund (D:4)
  3 spriggans (Depths:1)
  3 wraiths
  2 ynoxinuls
  36 redbacks
  4 hogs (D:12)
  5 water elementals
  2 vampires
  13 yaks
  2 fire bats
  4 wyverns
  2 shadows
  18 tarantellas
  A hog (shapeshifter) (Abyss:5)
  A human (D:13)
  A basilisk (shapeshifter) (Depths:2)
  A yak (shapeshifter) (Depths:3)
  2 basilisks
  6 neqoxecs
  9 golden eyes
  15 small abominations
  9 chaos spawn
  4 spatial vortices
  6 insubstantial wisps
  8 wargs
  An acid dragon (D:15)
  8 water moccasins
  4 hell hounds (Abyss:5)
  7 porcupines
  4 ice beasts
  34 orc warriors
  A black bear (D:12)
  Duvessa (D:7)
  3 sky beasts
  10 phantoms
  An alligator simulacrum (Abyss:3)
  3 boggarts (Depths:4)
  A necrophage (D:8)
  15 ogres
  13 centaurs
  6 crocodiles
  2 wolves (Lair:1)
  5 big kobolds
  3 earth elementals
  A glowing shapeshifter simulacrum (Depths:2)
  Dowan (D:7)
  20 bullfrogs
  A scorpion (D:8)
  4 troll zombies (D:12)
  10 killer bees
  9 wights
  An electric eel (Spider:4)
  2 howler monkeys
  3 bullfrog zombies (D:5)
  2 quasits
  11 orc priests
  5 centaur zombies
  7 hounds
  4 jellies
  17 orc wizards
  3 bullfrog skeletons
  4 centaur skeletons
  6 iguanas
  2 hell rats (Lair:4)
  7 worker ants
  2 ogre zombies (D:12)
  10 gnolls
  6 river rats (Lair:4)
  9 adders
  A shadow imp (D:9)
  2 white imps
  3 ufetubi
  An ooze (D:2)
  An adder zombie (D:9)
  3 adder skeletons
  4 worms
  4 leopard geckos
  51 orcs
  4 goblins
  4 hobgoblins
  11 jackals
  6 kobolds
  3 quokkas
  A ball python (D:2)
  5 bats
  3 frilled lizards
  3 goblin zombies (D:12)
  2 hobgoblin skeletons (D:12)
  A jackal skeleton (D:6)
  A leopard gecko skeleton (D:5)
  2 orc skeletons (D:12)
  12 orc zombies (D:12)
  A quokka skeleton (D:4)
  2 quokka zombies
  3 rats (D:1)
  8 starspawn tentacles
  3 tentacles
1245 creatures vanquished.

Vanquished Creatures (collateral kills)
  A bone dragon (Abyss:5)
  Rupert (D:13)
  A ghost moth (Spider:4)
  6 hydras
  A merfolk avatar (Shoals:4)
  A catoblepas (Lair:4)
  A spatial maelstrom (Abyss:5)
  3 harpies (Shoals:4)
  A manticore (Lair:4)
  2 orb spiders
  2 wolf spiders (Spider:4)
  A faun (Shoals:4)
  An orange demon (Abyss:2)
  A centaur zombie (D:15)
  2 water nymphs (Shoals:4)
  A demonic crawler (Spider:4)
  3 merfolk
  3 jumping spiders
  A harpy zombie (D:14)
  2 meliai zombies
  A raiju (Abyss:3)
  A slime creature (Depths:2)
  A dream sheep (Shoals:2)
  3 snapping turtles (Shoals:4)
  4 blink frogs (Lair:4)
  3 hippogriffs
  11 redbacks
  A ynoxinul (Abyss:5)
  2 tarantellas (Spider:4)
  A neqoxec (Abyss:2)
  A spatial vortex (Abyss:5)
  An orc warrior (D:13)
  2 small abominations (Abyss:1)
  A crocodile (Lair:3)
  2 river rats (Lair:4)
  A rat (Lair:4)
  A tentacle (Shoals:3)
72 creatures vanquished.

Vanquished Creatures (others)
  A lich (Abyss:5)
  A tengu reaver (Depths:1)
  A very ugly thing (Abyss:3)
  A wizard (D:13)
  An apocalypse crab (Abyss:3)
  A tengu conjurer (Depths:2)
  A komodo dragon (shapeshifter) (Abyss:5)
  A blink frog (shapeshifter) (Abyss:5)
  2 chaos spawn (Abyss:5)
  A neqoxec (Abyss:3)
  A boggart (Depths:4)
  2 ogres (D:9)
  A hound (D:9)
  An orc wizard (Orc:2)
  A worker ant (D:9)
  2 small abominations
  An ufetubus (D:9)
  2 orcs
  A kobold (D:15)
  29 fungi
  68 plants
  20 starspawn tentacles
  7 tentacles
147 creatures vanquished.

Grand Total: 1464 creatures vanquished

Notes
Turn   | Place    | Note
-------+----------+-------------------------------------------
     0 | D:1      | Flugslaktarn the Deep Dwarf Fighter began the quest for the
                  | Orb.
     0 | D:1      | Reached XP level 1. HP: 20/20 MP: 1/1
   232 | D:1      | Reached XP level 2. HP: 24/27 MP: 2/2
   356 | D:2      | Reached skill level 3 in Fighting
   386 | D:2      | Reached XP level 3. HP: 26/34 MP: 3/3
   456 | D:2      | Reached XP level 4. HP: 42/42 MP: 4/4
   825 | D:4      | Noticed Sigmund
   843 | D:4      | Killed Sigmund
   843 | D:4      | Reached skill level 4 in Fighting
   843 | D:4      | Reached XP level 5. HP: 41/50 MP: 5/5
   843 | D:4      | Reached XP level 6. HP: 46/57 MP: 6/6
   868 | D:4      | Found a broken altar of Ashenzari.
   873 | D:4      | Noticed an orc warrior
   905 | D:4      | Killed an orc warrior
   905 | D:4      | Reached skill level 5 in Axes
   999 | D:4      | Found a blossoming altar of Fedhas.
  1350 | D:5      | Entered Level 5 of the Dungeon
  1357 | D:5      | Reached XP level 7. HP: 34/66 MP: 6/6
  1388 | D:5      | Reached skill level 5 in Fighting
  1424 | D:5      | Reached skill level 5 in Shields
  1559 | D:5      | Reached skill level 5 in Armour
  1790 | D:5      | Reached XP level 8. HP: 49/75 MP: 7/7
  1807 | D:5      | Found a shimmering altar of Xom.
  1811 | D:5      | Found a white marble altar of Elyvilon.
  1815 | D:5      | Found a basalt altar of Yredelemnul.
  1821 | D:5      | Found an opulent altar of Gozag.
  1825 | D:5      | Found a glowing golden altar of the Shining One.
  1831 | D:5      | Found an iron altar of Okawaru.
  1835 | D:5      | Found a broken altar of Ashenzari.
  1977 | D:5      | Found a radiant altar of Vehumet.
  2237 | D:6      | Found a staircase to the Ecumenical Temple.
  2320 | Temple   | Entered the Ecumenical Temple
  2381 | Temple   | Became a worshipper of Makhleb the Destroyer
  2451 | D:6      | Reached skill level 6 in Fighting
  2505 | D:6      | Reached skill level 1 in Invocations
  2536 | D:6      | Found Kast's General Store.
  2608 | D:6      | Bought a potion of mutation for 112 gold pieces
  2905 | D:7      | Noticed Dowan
  2908 | D:7      | Noticed Duvessa
  2921 | D:7      | Killed Duvessa
  2924 | D:7      | Killed Dowan
  2924 | D:7      | Gained mutation: You passively map the area around you.
                  | [Deep Dwarf growth]
  2924 | D:7      | Reached XP level 9. HP: 48/85 MP: 9/9
  3060 | D:7      | Reached * piety under Makhleb
  3214 | D:7      | Found an iron altar of Okawaru.
  3272 | D:7      | Found a hazy altar of Hepliaklqana.
  3391 | D:7      | Found an iron altar of Okawaru.
  3498 | D:8      | Reached skill level 7 in Fighting
  3630 | D:8      | Got a smoking helmet
  3641 | D:8      | Identified the +2 helmet of Valiance {rN+ MR+} (You found
                  | it on level 8 of the Dungeon)
  3834 | D:8      | Noticed Erica
  3863 | D:8      | Killed Erica
  3906 | D:8      | Got a pitted bone ring
  3968 | D:8      | Reached ** piety under Makhleb
  4259 | D:9      | Found a shadowy altar of Dithmenos.
  4289 | D:9      | Reached skill level 1 in Evocations
  4289 | D:9      | Reached XP level 10. HP: 96/96 MP: 10/10
  4402 | D:9      | Found a snail-covered altar of Cheibriados.
  4441 | D:9      | Noticed Prince Ribbit
  4526 | D:9      | Reached skill level 8 in Fighting
  4532 | D:9      | Found a shimmering altar of Xom.
  4545 | D:9      | Reached skill level 5 in Invocations
  4891 | D:9      | Found a stormy altar of Qazlal.
  4907 | D:9      | Found a runed translucent door.
  4917 | D:9      | Noticed a sixfirhy
  4963 | D:9      | Killed Prince Ribbit
  4980 | D:9      | Found an ornate altar of the Wu Jian Council.
  5020 | D:9      | Noticed a cyan ugly thing
  5042 | D:9      | Killed a cyan ugly thing
  5074 | D:9      | Noticed a two-headed ogre
  5086 | D:9      | Killed a two-headed ogre
  5245 | D:10     | Entered Level 10 of the Dungeon
  5245 | D:10     | Found a staircase to the Lair.
  5246 | D:10     | Noticed a two-headed ogre
  5253 | D:10     | Reached skill level 10 in Axes
  5269 | D:10     | Reached *** piety under Makhleb
  5273 | D:10     | Killed a two-headed ogre
  5305 | D:10     | Reached skill level 9 in Fighting
  5305 | D:10     | Reached XP level 11. HP: 92/106 MP: 9/9
  5478 | D:10     | Noticed a two-headed ogre
  5497 | D:10     | Killed a two-headed ogre
  5571 | D:10     | Found Zarogetob's Assorted Antiques.
  5643 | D:10     | Identified the ring of Hoakhl Amam {+Blink rPois rC- Int+5
                  | SInv} (You found it on level 8 of the Dungeon)
  6078 | D:11     | Noticed a six-headed hydra
  6107 | D:11     | Killed a 12-headed hydra
  6255 | D:11     | Found a bloodstained altar of Trog.
  6423 | D:11     | Reached skill level 1 in Dodging
  6620 | D:11     | Noticed an eight-headed hydra
  6672 | D:11     | Killed a 13-headed hydra
  6672 | D:11     | Reached skill level 5 in Evocations
  6840 | D:12     | Noticed Kirke
  6873 | D:12     | Noticed a lindwurm
  6875 | D:12     | Killed Kirke
  6938 | D:12     | Noticed a deep elf mage
  6952 | D:12     | Killed a deep elf mage
  6958 | D:12     | Found Ocsec's Armour Shoppe.
  6975 | D:12     | Bought a +0 pair of boots of stealth for 149 gold pieces
  7050 | D:12     | Reached XP level 12. HP: 108/116 MP: 9/9
  7088 | D:12     | Reached **** piety under Makhleb
  7090 | D:12     | Found a staircase to the Orcish Mines.
  7107 | D:12     | Reached skill level 10 in Fighting
  7352 | D:12     | Got a translucent jade ring
  7533 | D:13     | Noticed Rupert
  7560 | D:13     | Killed Rupert
  7611 | D:13     | Noticed a vault guard
  7626 | D:13     | Noticed a vault guard
  7633 | D:13     | Noticed a vault guard
  7693 | D:13     | Killed a vault guard
  7731 | D:13     | Killed a vault guard
  7785 | D:13     | Killed a vault guard
  7797 | D:13     | Found a gate to the Vaults.
  7797 | D:13     | Noticed a vault guard
  7798 | D:13     | Noticed a vault guard
  7815 | D:13     | Killed a vault guard
  7825 | D:13     | Killed a vault guard
  7906 | D:13     | Noticed Snorg
  7909 | D:13     | Paralysed by a hornet for 1 turns
  7914 | D:13     | Noticed Jorgrun
  7950 | D:13     | Killed Jorgrun
  7977 | D:13     | Killed Snorg
  8350 | D:13     | Reached XP level 13. HP: 126/126 MP: 8/8
  8391 | D:13     | Reached skill level 5 in Dodging
  8453 | D:13     | Found a bloodstained altar of Trog.
  8614 | D:14     | Reached skill level 11 in Fighting
  8891 | D:14     | Reached skill level 10 in Shields
  9257 | D:15     | Entered Level 15 of the Dungeon
  9276 | D:14     | Reached skill level 10 in Armour
  9810 | D:15     | Reached skill level 10 in Invocations
  9845 | D:15     | Noticed an ettin
  9893 | D:15     | Killed an ettin
 10037 | D:15     | Found a staircase to the Depths.
 10119 | D:15     | Found a runed translucent gate.
 10119 | D:15     | Found a runed translucent gate.
 10119 | D:15     | Identified the +5 battleaxe "Buttyvep" {elec, Str+3}
 10119 | D:15     | Identified the +0 plate armour of Dithmenos's Envy {MP+9}
 10119 | D:15     | Noticed an orc warlord
 10120 | D:15     | Noticed Mahiaf's ghost (journeyman GnFi)
 10122 | D:15     | Found a runed translucent gate.
 10302 | D:15     | Found a roughly hewn altar of Beogh.
 10372 | D:15     | Gained mutation: You resist negative energy. (rN+) [Deep
                  | Dwarf growth]
 10372 | D:15     | Reached XP level 14. HP: 85/136 MP: 8/8
 10407 | D:15     | Killed an orc warlord
 10422 | D:15     | Killed Mahiaf's ghost
 10466 | D:15     | Identified a +1 pair of boots of running (You found it on
                  | level 15 of the Dungeon)
 10468 | D:15     | Identified the ring of Nemelex Xobeh's Scorn {rElec rPois
                  | EV+4 Slay+3} (You found it on level 12 of the Dungeon)
 10634 | Lair:1   | Entered Level 1 of the Lair of Beasts
 10797 | Lair:1   | Reached skill level 12 in Fighting
 10910 | Lair:1   | Reached ***** piety under Makhleb
 12078 | Lair:3   | Found a hole to the Spider Nest.
 12854 | Lair:4   | Found a staircase to the Shoals.
 13652 | Orc:1    | Entered Level 1 of the Orcish Mines
 13762 | Orc:2    | Entered Level 2 of the Orcish Mines
 13762 | Orc:2    | Found a burning altar of Makhleb.
 13762 | Orc:2    | Found Weutupie's General Store.
 13765 | Orc:2    | Noticed an orc warlord
 13783 | Orc:2    | Killed an orc warlord
 13785 | Orc:2    | Reached skill level 10 in Evocations
 13817 | Orc:2    | Found Ytzoafok's Book Emporium.
 13840 | Orc:2    | Found a staircase to the Elven Halls.
 13924 | Orc:2    | Found Soufedgh's Antique Weapon Shoppe.
 14048 | Orc:2    | Found Qym Ytz's Antique Armour Boutique.
 14056 | Orc:2    | Bought a pair of pitted gloves for 266 gold pieces
 14066 | Orc:2    | Identified the +0 pair of gloves of the Journeyman {rPois
                  | rF++ MR- rCorr} (You bought it in a shop on level 2 of the
                  | Orcish Mines)
 14404 | Orc:1    | Found Vogoxaa's Assorted Antiques.
 14635 | Spider:1 | Entered Level 1 of the Spider Nest
 14754 | Spider:1 | Reached XP level 15. HP: 146/146 MP: 10/10
 14827 | Spider:1 | Reached ****** piety under Makhleb
 14962 | Spider:2 | Reached skill level 13 in Fighting
 15099 | Spider:3 | Reached skill level 15 in Axes
 15286 | Spider:4 | Entered Level 4 of the Spider Nest
 15301 | Spider:4 | Killed a ghost moth
 15653 | Spider:4 | Killed a ghost moth
 15950 | Spider:4 | Killed a ghost moth
 15986 | Spider:4 | Killed a ghost moth
 15986 | Spider:4 | Reached XP level 16. HP: 117/158 MP: 0/12
 16269 | Spider:4 | Got a gossamer rune of Zot
 16539 | Shoals:1 | Entered Level 1 of the Shoals
 16935 | Shoals:2 | Reached skill level 14 in Fighting
 16942 | Shoals:2 | Found Vism's Assorted Antiques.
 17042 | Shoals:3 | Noticed a kraken
 17057 | Shoals:3 | Killed a kraken
 17147 | Shoals:4 | Entered Level 4 of the Shoals
 17772 | Shoals:4 | Got a barnacled rune of Zot
 17907 | Shoals:4 | Identified the +5 robe of the Elven Halls {MR++ Dex-3
                  | Slay+3}
 18334 | Depths:1 | Entered Level 1 of the Depths
 18340 | Depths:1 | Noticed a sphinx
 18341 | Depths:1 | Noticed the Enchantress
 18360 | Depths:1 | Reached XP level 17. HP: 114/168 MP: 12/12
 18368 | Depths:1 | Killed the Enchantress
 18418 | Depths:1 | Noticed Sojobo
 18451 | Depths:1 | Killed Sojobo
 18653 | Depths:2 | Found a one-way gate to the infinite horrors of the Abyss.
 18745 | Depths:2 | Reached skill level 15 in Fighting
 18781 | Depths:2 | Voluntarily entered the Abyss.
 19134 | Abyss:2  | Reached skill level 10 in Dodging
 19170 | Abyss:2  | Paralysed by accursed screaming for 1 turns
 19194 | Abyss:2  | Found a corrupted altar of Lugonu.
 19701 | Abyss:3  | HP: 4/136 [smoke demon/divine providence (13)]
 19815 | Abyss:3  | Paralysed by accursed screaming for 1 turns
 19826 | Abyss:3  | Paralysed by accursed screaming for 1 turns
 19849 | Abyss:3  | Gained mutation: You passively map a large area around you.
                  | [Deep Dwarf growth]
 19849 | Abyss:3  | Reached XP level 18. HP: 178/178 MP: 9/9
 20112 | Abyss:3  | Paralysed by accursed screaming for 1 turns
 20120 | Abyss:3  | Paralysed by accursed screaming for 1 turns
 20124 | Abyss:3  | Paralysed by accursed screaming for 1 turns
 20142 | Abyss:5  | Entered Level 5 of the Abyss
 20387 | Abyss:5  | Noticed a lich
 20392 | Abyss:5  | Noticed a Hell Sentinel
 20409 | Abyss:5  | Killed a lich
 20427 | Abyss:5  | Killed a Hell Sentinel
 20430 | Abyss:5  | Paralysed by accursed screaming for 1 turns
 20445 | Abyss:5  | Paralysed by accursed screaming for 2 turns
 20454 | Abyss:5  | Reached skill level 16 in Fighting
 20454 | Abyss:5  | Paralysed by accursed screaming for 1 turns
 20463 | Abyss:5  | Reached skill level 15 in Invocations
 20467 | Abyss:5  | Paralysed by accursed screaming for 1 turns
 20482 | Abyss:5  | Noticed a bone dragon
 20500 | Abyss:5  | Paralysed by accursed screaming for 2 turns
 20502 | Abyss:5  | HP: 5/126 [starcursed mass/accursed screaming (7)]
 20791 | Abyss:5  | Paralysed by accursed screaming for 1 turns
 20813 | Abyss:5  | Paralysed by accursed screaming for 2 turns
 20853 | Abyss:5  | Noticed a bone dragon
 20854 | Abyss:5  | Noticed a bone dragon
 20859 | Abyss:5  | Reached XP level 19. HP: 163/190 MP: 7/10
 20890 | Abyss:5  | Killed a bone dragon
 20936 | Abyss:5  | Got an abyssal rune of Zot
 20948 | Depths:2 | Escaped the Abyss
 21054 | Depths:3 | Found a one-way gate leading to the halls of Pandemonium.
 21054 | Depths:3 | Noticed Bai Suzhen
 21081 | Depths:3 | Killed Bai Suzhen
 21177 | Depths:3 | Reached skill level 17 in Fighting
 21257 | Depths:4 | Noticed Saint Roka
 21291 | Depths:4 | HP: 6/193 [stone giant (10)]
 21296 | Depths:4 | Reached skill level 15 in Shields
 21307 | Depths:4 | Killed Saint Roka
 21326 | Depths:4 | Reached skill level 15 in Armour
 21493 | Depths:4 | Found Wiateve's Magic Scroll Shop.
 21496 | Depths:4 | Noticed Mara
 21514 | Depths:4 | Noticed Flugslaktarn's illusion
 21576 | Depths:4 | Noticed Flugslaktarn's illusion
 21582 | Depths:4 | Noticed Flugslaktarn's illusion
 21586 | Depths:4 | Killed Mara
 21591 | Depths:4 | Bought a scroll of enchant armour for 112 gold pieces
 21648 | Depths:5 | Entered Level 5 of the Depths
 21788 | Depths:5 | Found a magical portal.
 21858 | Depths:5 | Found a gateway to Hell.
 21978 | Depths:5 | Reached XP level 20. HP: 179/204 MP: 8/8
 22011 | Depths:5 | Reached skill level 18 in Fighting
 22125 | Depths:5 | Noticed a golden dragon
 22144 | Depths:5 | Killed a golden dragon
 22155 | Depths:5 | Found a gate to the Realm of Zot.
 22161 | Zot:1    | Entered Level 1 of the Realm of Zot
 22161 | Zot:1    | Noticed a curse toe
 22161 | Zot:1    | Noticed a golden dragon
 22164 | Zot:1    | Noticed a golden dragon
 22177 | Zot:1    | Killed a golden dragon
 22178 | Zot:1    | Killed a golden dragon
 22186 | Zot:1    | Killed a curse toe
 22189 | Zot:1    | Noticed a golden dragon
 22193 | Zot:1    | Noticed a golden dragon
 22223 | Depths:5 | Killed a golden dragon
 22268 | Zot:1    | Killed a golden dragon
 22496 | Zot:2    | Reached skill level 19 in Fighting
 22666 | Zot:4    | Reached XP level 21. HP: 210/216 MP: 0/4
 22678 | Zot:5    | Entered Level 5 of the Realm of Zot
 22679 | Zot:5    | Identified a scroll of acquirement
 22679 | Zot:5    | Acquired the ring of Xom's Bemusement {rElec rPois Slay+6}
 22693 | Zot:5    | Noticed a golden dragon
 22723 | Zot:5    | Mangled by an Orb Guardian

Illustrated notes

Levels and vault maps discovered:
D:1:      dpeg_arrival_circle_labyrinth_c, layout_loops_ring,
          minmay_parallelograms
D:2:      layout_rooms, uniq_natasha
D:3:      layout_loops_cross
D:4:      layout_basic, fedhas_altar_3, cheibrodos_ashenzari_chains,
          uniq_sigmund
D:5:      layout_loops_cross, grunt_temple_overflow_octagram,
          kennysheep_mini_moat
D:6:      layout_loops_ring, minmay_temple_entry_purple_smoke, serial_shops,
          shop
D:7:      minmay_evil_eye, layout_basic, lemuel_crystal_altar, basic_altar,
          okawaru_trees_2, uniq_duvessa
D:8:      layout_basic, uniq_erica
D:9:      cheibrodos_shockbox, layout_basic, nicolae_overflow_crystal_walls,
          overflow_temple_1_default, kennysheep_little_box, grunt_qazlal_clouds,
          xom_confusion_cloud, uniq_prince_ribbit1
D:10:     layout_cave_pods, erik_lair_orcish_takeover, serial_shops,
          nicolae_shop_trees
D:11:     layout_roguey, basic_altar, grunt_decor_mini_mirrors
D:12:     layout_long_grid, zombieorc1_lemuel, serial_shops, shop, uniq_kirke
D:13:     layout_roguey, grunt_vaults_entry_fortified, trog_wizard,
          uniq_jorgrun, uniq_rupert, uniq_snorg
D:14:     layout_rooms, hangedman_decor_slide_cut
D:15:     hangedman_depths_entry_civil_slaughter, layout_irregular_city,
          serial_park_square2, biasface_ghost_orc_armoury
Temple:   corrupted_temple
Lair:1:   layout_roguey, serial_rivers, chequers_serial_rivers_micro_b,
          chequers_serial_rivers_marsh, chequers_serial_rivers_micro_d,
          chequers_serial_rivers_small_a, beast_lair_carwin_3
Lair:2:   layout_hall_layers
Lair:3:   cheibrodos_lair_river_kwai, layout_layer_cave,
          spider_nest_entry_web_field, st_stairs_10
Lair:4:   layout_misc_corridors, minmay_shoals_entry_beasts,
          chequers_serial_rivers_micro_d, kennysheep_rathole
Shoals:1: layout_shoals, st_shoals_ruin
Shoals:2: cheibrodos_shoals_gigantism, layout_shoals, serial_shops, shop,
          nicolae_shoals_arrival_archipelago
Shoals:3: layout_shoals, serial_shops, shop,
          nicolae_shoals_siren_and_animal_friends, uniq_polyphemus
Shoals:4: shoals_end_grunt_ice, layout_shoals
Spider:1: layout_spider_delve
Spider:2: layout_spider_delve, hangedman_stitches_earthworm
Spider:3: layout_spider_delve
Spider:4: spider_rune_water
Orc:1:    layout_diamond_mine, serial_shops, nicolae_shop_crystal,
          gammafunk_ghost_smash
Orc:2:    grunt_orc_gardens, layout_caves, grunt_orc_garden, grunt_orc_garden,
          grunt_orc_garden, grunt_orc_garden, bloody_makhleb
Depths:1: layout_roguey, enter_ziggurat_b, minivault_14, serial_shops,
          nicolae_shop_trees, grunt_hell_entry_dis_old,
          chequers_hall_statues_wall_a, kennysheep_generic_room_11,
          uniq_enchantress, uniq_nikola, uniq_sojobo
Depths:2: kennysheep_spiral_hall, layout_honeycomb, grunt_pan_entry_zigzag,
          minmay_misc_feat_tiny, hell_entry, abyss_entry, enter_trove_1,
          hex_large, infiniplex_staircase_pool_1
Depths:3: minmay_inner_zag, layout_cave_pools, pan_entry, abyss_entry_crystal,
          pf_hell_entry_tar_spiral, serial_bayou_shore_b, uniq_bai_suzhen
Depths:4: lemuel_castle_with_subvaults [lemuel_castle_interior_carwin_1],
          layout_long_grid, pf_hell_entry_great_geh, serial_shops,
          nicolae_shop_statue_plus, minmay_room_of_horrors,
          ebering_dispersal_statue_hall, minmay_shattered_shrine, firewood_loft,
          uniq_mara, uniq_saint_roka
Depths:5: evilmike_zot_entry_gauntlet, layout_cave_pools,
          infiniplex_enter_wizlab_water, minmay_misc_feat_enclosed, abyss_entry,
          hell_entry
Zot:1:    grunt_twist_and_shout, layout_onion_interference, ebering_ghost_gozag,
          evilmike_ambush [evilmike_ambush_outer_basic,
          evilmike_ambush_inner_pond]
Zot:2:    layout_basic
Zot:3:    gammafunk_sealed_library, layout_onion, st_small_dragon_hoard_5
Zot:4:    layout_cathedral_of_symmetry
Zot:5:    layout_basic

Skill      XL: |  1  2  3  4  5  6  7  8  9 10 11 12 13 14 15 16 17 18 19 20 |
---------------+-------------------------------------------------------------+-----
Fighting       | 3 4 5 6 7 9 10 11 12 13 14 15 16 17 19 | 19.3
Axes           | 3 4 5 6 7 9 10 11 12 13 14 15 16 17 18 | 18.0
Armour         | 4 5 6 7 8 9 10 11 12 13 14 15 16 | 16.6
Shields        | 4 5 6 7 8 9 10 11 12 13 14 15 16 | 16.8
Invocations    | 2 4 6 7 9 10 11 12 13 14 15 | 15.0
Evocations     | 1 4 6 7 9 10 | 10.0
Dodging        | 2 4 5 6 7 9 10 11 | 11.0

Action                   |  1- 3 |  4- 6 |  7- 9 | 10-12 | 13-15 | 16-18 | 19-21 || total
-------------------------+-------+-------+-------+-------+-------+-------+-------++-------
Melee: War axe           |    76 |    86 |   453 |   811 |   185 |       |       ||  1611
       Broad axe         |       |       |       |       |  1294 |  2028 |   767 ||  4089
Invok: Lesser Servant of |       |       |       |    14 |    17 |    15 |     3 ||    49
       Greater Servant o |       |       |       |       |     1 |       |     2 ||     3
 Abil: Heal Wounds       |     1 |     6 |     8 |    20 |     8 |    13 |    21 ||    77
Evoke: Wand              |       |       |     2 |     3 |     7 |       |     4 ||    16
       Condenser vane    |       |       |       |     1 |     6 |     5 |     4 ||    16
       Tin of tremorston |       |       |       |       |     1 |     4 |     3 ||     8
  Use: Scroll            |       |    13 |       |       |    16 |     5 |    10 ||    44
       Potion            |       |     1 |       |       |     2 |     3 |     3 ||     9
 Stab: Confused          |       |       |       |     6 |       |       |     1 ||     7
       Distracted        |       |       |       |     1 |     8 |     7 |     2 ||    18
       Paralysed         |       |       |       |       |     2 |       |       ||     2
       Petrified         |       |       |       |       |       |     2 |       ||     2
Armor: Scale mail        |    69 |    23 |       |       |       |       |       ||    92
       Plate armour      |       |     4 |   189 |   493 |   901 |   989 |   563 ||  3139
       Gold dragon scale |       |       |       |       |       |       |   170 ||   170
Dodge: Dodged            |    37 |    16 |    21 |   101 |   440 |   637 |   498 ||  1750
Block: Kite shield       |    69 |     2 |       |       |       |       |       ||    71
       Tower shield      |       |    80 |   496 |  1099 |  2208 |  2488 |  1307 ||  7678
       Reflection        |       |       |     7 |    30 |    44 |    69 |    43 ||   193

Table legend: (Time is in decaauts)
 A = Elapsed time spent in this place.
 B = Non-inter-level travel time spent in this place.
 C = Inter-level travel time spent in this place.
 D = Time resting spent in this place.
 E = Time spent auto-exploring this place.
 F = Levels seen in this place.
 G = Mean time per level.
                   A        B        C        D        E       F      G
               +--------+--------+--------+--------+--------+-----+--------+
         Total |  21955 |  20215 |   1740 |    389 |  11100 |  45 |  487.9 |
       Dungeon |  11073 |  10212 |    861 |    226 |   6604 |  15 |  738.2 |
        Temple |     76 |     33 |     43 |      0 |     28 |   1 |   76.0 |
          Lair |   2945 |   2545 |    400 |     19 |   2026 |   4 |  736.2 |
        Shoals |   1504 |   1367 |    137 |      0 |    477 |   4 |  376.0 |
   Spider Nest |   1711 |   1491 |    220 |      0 |    546 |   4 |  427.8 |
  Orcish Mines |    781 |    756 |     25 |      0 |    439 |   2 |  390.5 |
        Depths |   1507 |   1460 |     47 |      0 |    494 |   5 |  301.4 |
           Zot |    498 |    494 |      4 |    114 |     14 |   5 |   99.6 |
         Abyss |   1858 |   1858 |      0 |     30 |    468 |   5 |  371.6 |
               +--------+--------+--------+--------+--------+-----+--------+

Top non-repeatable levels by time:
    D:13: 1094 daAuts
    D:15: 1056 daAuts
     D:9: 1037 daAuts
Spider:4: 1009 daAuts
    D:14: 937 daAuts
    D:12: 907 daAuts
    D:11: 883 daAuts
  Lair:1: 867 daAuts
Shoals:4: 816 daAuts
     D:8: 814 daAuts
  Lair:3: 803 daAuts
     D:6: 802 daAuts
    D:10: 792 daAuts
  Lair:4: 779 daAuts
     D:4: 710 daAuts
